[Event "*** Titled Tuesday Blitz"]
[Site "Chess.com"]
[Date "2020.04.07"]
[Round "9"]
[White "powermove"]
[Black "MFguimaraes"]
[Result "0-1"]
[WhiteElo "1505"]
[BlackElo "2393"]
[TimeControl "180+1"]
[EndTime "14:47:29 PDT"]
[Termination "MFguimaraes won on time"]

1. e4 e5 2. Nf3 Nc6 3. Bb5 Nf6 4.
O-O Bc5 5. Qe2 d6 6. c3 Bb6 7. Rd1 O-O 8. d3 Bd7 9. Bg5 h6 10. Be3 Nd4 11. cxd4 Bxb5 12. dxe5 Nxe4 13. Bxb6 axb6 14.
Qxe4 Bc6 15. Qe3 dxe5 16. Nxe5 Bd5 17. Nf3 Re8 18. Qf4 Re6 19. Nc3 Rf6 20. Qe3 Bxf3 21. gxf3 Ra5 22. Ne4 Re6 23. Qf4 Qd4 24. Rac1 c5 25.
Rc2 Rxa2 26. Qb8+ Kh7 27. Qf4 Re5 28. Qxf7 Ra8 29. Nf6+ Kh8 30. Ng4 Rg5 31. Re2 h5 32.
Re8+ Rxe8 33. Qxe8+ Kh7 34. Qe4+ Qxe4 35. dxe4 hxg4 36.
Kg2 gxf3+ 37. Kxf3 Rh5 38. Kg3 Rg5+ 39. Kf3 Rh5 40.
Kg3 c4 41. h4 Rb5 42. Rd2 Rb3+ 43. Kg4 b5 44. f4 Kg6 45. e5 b4 46. f5+ Kf7 47. Rd7+ Kf8 48. e6 Rxb2 49. Kg5 Rg2+ 50. Kh5 c3 51. Rxb7 c2 52. Rf7+ Ke8 53. Rc7 b3 54.
Rb7 c1=Q 0-1

[Event "*** Titled Tuesday Blitz"]
[Site "Chess.com"]
[Date "2020.04.07"]
[Round "9"]
[White "Vojtastr"]
[Black "Cocaino74"]
[Result "1-0"]
[WhiteElo "2467"]
[BlackElo "2267"]
[TimeControl "180+1"]
[EndTime "14:47:29 PDT"]
[Termination "Vojtastr won on time"]

1. c4 e6 2. Nc3 d5 3. d4 Nf6 4. cxd5 exd5 5. Bg5 Be7 6. e3 O-O 7. Qc2 h6 8. Bh4 b6 9. Nf3 Bb7 10. Be2 Nbd7 11. O-O c6 12. Rfd1 Re8 13. Rab1 Ne4 14. Bxe7 Qxe7 15. Nxe4 dxe4 16. Nd2 c5 17. Nb3 cxd4 18.
Rxd4 Rac8 19. Qd2 Nc5 20. Nxc5 Qxc5 21. Rd1 a5 22. a3 Qc2 23. h3 g6 24. Rd6 Qc5 25.
Qd4 Qxd4 26. R1xd4 Rc2 27. Rxb6 Re7 28. Bd1 Rc1 29. Kh2 Rec7 30. Kg3 Kg7 31. h4 R1c5 32. Rd2 Ba8 33. Rb8 Bb7 34. b4 axb4 35. axb4 Rc4 36. b5 Re7 37. Be2 Rb4 38. Rbd8 Rc7 39. R8d7 Rxd7 40.
Rxd7 Bc8 41. Rd4 Rb2 42. Bc4 Bf5 43. Rd6 h5 44. b6 Rb4 45. Bd5 1-0

[Event "*** Titled Tuesday Blitz"]
[Site "Chess.com"]
[Date "2020.04.07"]
[Round "9"]
[White "TomPolgar"]
[Black "picturesquecheck"]
[Result "1-0"]
[WhiteElo "2313"]
[BlackElo "2149"]
[TimeControl "180+1"]
[EndTime "14:47:29 PDT"]
[Termination "TomPolgar won by resignation"]

1. e4 c5 2. Nf3 Nc6 3. Bb5 g6 4. O-O Bg7 5. Re1 e5 6. b4 cxb4 7. a3 Nge7 8. axb4 O-O 9. Bxc6 Nxc6 10. b5 Nd4 11. Nxd4 exd4 12. d3 d5 13. e5 Bd7 14.
Na3 Qc7 15. Bf4 Be6 16. Qd2 Rac8 17. h4 Rfe8 18. h5 Bf8 19. Bh6 Be7 20. Ra2 a5 21. bxa6 bxa6 22. Nb1 a5 23. Qf4 Bf5 24. g4 Be6 25.
Qxd4 Bb4 26. Rf1 Bc5 27. Qf4 d4 28. Ra1 Bd5 29. Re1 Be7 30. Nd2 Qxc2 31. Rxa5 Be6 32.
Ne4 Qxd3 33. Nf6+ Kh8 34. Bg5 Qc3 35. Raa1 d3 36. Nxe8 Rxe8 37. Bxe7 d2 38. Qf6+ Kg8 39. Red1 Bxg4 40. h6 1-0

[Event "*** Titled Tuesday Blitz"]
[Site "Chess.com"]
[Date "2020.04.07"]
[Round "9"]
[White "jonaszmb"]
[Black "Fy_Rakotomaharo"]
[Result "1-0"]
[WhiteElo "2423"]
[BlackElo "2570"]
[TimeControl "180+1"]
[EndTime "14:47:30 PDT"]
[Termination "jonaszmb won by checkmate"]

1. d4 Nf6 2. c4 g6 3. Nf3 Bg7 4.
g3 c6 5. Bg2 d5 6. O-O O-O 7. Qb3 Qb6 8. Nc3 Rd8 9. Na4 Qxb3 10.
axb3 Na6 11. Bf4 Bf5 12. Ne5 Nd7 13. Nxd7 Rxd7 14. cxd5 cxd5 15. e3 f6 16. h4 e5 17.
dxe5 fxe5 18. Bg5 h6 19. e4 hxg5 20. exf5 gxf5 21. hxg5 e4 22. Rfd1 Rc8 23. g4 fxg4 24. Bxe4 Rcd8 25. Bf5 Re7 26. Bxg4 Re4 27. f3 Re2 28.
Nc3 Rxb2 29. Nxd5 Kf8 30. Nf4 Rxd1+ 31. Rxd1 Nc5 32. Ne6+ Nxe6 33. Bxe6 Be5 34. f4 Bc7 35. f5 Bb6+ 36. Kh1 Re2 37. Rd7 Re4 38. g6 Bd4 39. Rxb7 a5 40. Kg2 Be5 41. Kf3 Rf4+ 42. Ke3 Rb4 43.
Rf7+ Ke8 44. g7 Bxg7 45. Rxg7 a4 46. f6 Kd8 47. Rg8+ Kc7 48. f7 Kd6 49. f8=Q+ Ke5 50. Qxb4 Kf6 51. Qxa4 Ke7 52. Re8+ Kf6 53. Qf4+ Kg7 54.
Rg8+ Kh7 55. Qh2# 1-0

[Event "*** Titled Tuesday Blitz"]
[Site "Chess.com"]
[Date "2020.04.07"]
[Round "9"]
[White "pedroholly22"]
[Black "kayrakamer"]
[Result "0-1"]
[WhiteElo "2336"]
[BlackElo "2480"]
[TimeControl "180+1"]
[EndTime "14:47:30 PDT"]
[Termination "kayrakamer won on time"]

1. e4 c5 2. Nf3 d6 3. d4 cxd4 4. Nxd4 Nf6 5. Nc3 g6 6. Be3 Bg7 7. f3 a6 8. Qd2 h5 9. O-O-O b5 10.
Kb1 Bb7 11. Rg1 Nbd7 12. g4 hxg4 13. fxg4 b4 14. Na4 Qa5 15. b3 Nxe4 16. Qe1 Rxh2 17. Bf4 Rf2 18. Be3 Rh2 19. Bf4 Rh8 20. Bg2 Ndc5 21.
Bxe4 Nxe4 22. Qe3 e5 23. Bxe5 Qxe5 24. Rge1 Rc8 25. Rd3 Kf8 26. Nb6 Rd8 27. Nc4 Qc5 28. Red1 Nc3+ 29. Rxc3 bxc3 30. Ne6+ fxe6 31. Rf1+ Ke7 32.
Qe2 Rhf8 33. Re1 e5 34. Qh2 Bf6 35. Qh7+ Rf7 36. Qxg6 Rdf8 37. g5 Bg7 38. a4 Bd5 0-1

[Event "*** Titled Tuesday Blitz"]
[Site "Chess.com"]
[Date "2020.04.07"]
[Round "9"]
[White "tgpgoat"]
[Black "zivicd"]
[Result "1-0"]
[WhiteElo "2074"]
[BlackElo "2238"]
[TimeControl "180+1"]
[EndTime "14:47:31 PDT"]
[Termination "tgpgoat won on time"]

1. e4 c5 2. Nf3 e6 3. d4 cxd4 4. Nxd4 a6 5. Nc3 Qc7 6. Be3 Nf6 7. Bd3 b5 8. O-O Bb7 9. a3 b4 10. axb4 Bxb4 11. Na4 Bd6 12. h3 O-O 13. Nb3 Nxe4 14.
Nb6 f5 15. Nxa8 Bxa8 16. Na5 Nc5 17. Nc4 Qc6 18. f3 Bc7 19. Na5 Qd6 20. f4 Qd5 21.
Qd2 Nxd3 22. cxd3 Rf6 23. Nc4 Rg6 24. Rf2 Rg3 25. Rc1 Bc6 26. Na3 Rxh3 27. Rc5 Qa2 28.
Rxc6 dxc6 29. gxh3 Qa1+ 30. Kg2 Qa2 31. Nc4 Qb3 32.
Qc3 Qb5 33. Bd4 Qd5+ 34. Kh2 c5 35. Bxg7 Nd7 36. Be5 Nxe5 37. Nxe5 Kf8 38. Rg2 1-0

[Event "*** Titled Tuesday Blitz"]
[Site "Chess.com"]
[Date "2020.04.07"]
[Round "9"]
[White "RzayevB"]
[Black "SahaNeelash"]
[Result "0-1"]
[WhiteElo "2645"]
[BlackElo "2531"]
[TimeControl "180+1"]
[EndTime "14:47:32 PDT"]
[Termination "SahaNeelash won by checkmate"]

1. Nf3 d6 2. g3 e5 3. Bg2 g6 4. e4 Bg7 5. d4 Nd7 6. Nc3 c6 7. Bg5 Qc7 8. Qd2 h6 9. Be3 Ngf6 10. h3 Nf8 11. O-O-O N6d7 12. dxe5 dxe5 13. h4 Ne6 14.
Bh3 Nb6 15. Qe2 Qe7 16. Kb1 Nc7 17. Bxc8 Rxc8 18. g4 O-O 19. Qd2 Rfd8 20. Qc1 Qf8 21. h5 g5 22. Rxd8 Qxd8 23. Nxg5 hxg5 24. Bxg5 Bf6 25.
Be3 Ne6 26. f4 exf4 27. Bxf4 Nxf4 28. Qxf4 Bg5 29. Qe5 Nc4 30. Qc5 Nd2+ 31. Ka1 b6 32. Qf5 Rc7 33. Rd1 Rd7 34. e5 Rd4 35. e6 Qf6 36.
exf7+ Kxf7 37. Qh7+ Qg7 38. Qf5+ Kg8 39. Qc8+ Rd8 40. Qxc6 Bf6 41. Qe6+ Kh8 42. Nb1 Bxb2# 0-1

[Event "*** Titled Tuesday Blitz"]
[Site "Chess.com"]
[Date "2020.04.07"]
[Round "9"]
[White "eldur16"]
[Black "Bad4life"]
[Result "1-0"]
[WhiteElo "2553"]
[BlackElo "2341"]
[TimeControl "180+1"]
[EndTime "14:47:33 PDT"]
[Termination "eldur16 won by resignation"]

1. e4 c5 2. Ne2 g6 3. d4 cxd4 4. Nxd4 Nc6 5. c4 Nf6 6. Nc3 d6 7. Be2 Nxd4 8. Qxd4 Bg7 9. Be3 O-O 10. Qd2 Be6 11.
f3 a5 12. O-O a4 13. Rac1 Qa5 14. Rfd1 Rfc8 15. Nb5 Qd8 16. e5 dxe5 17. Qxd8+ Rxd8 18. Nc7 Rac8 19. Nxe6 fxe6 20. Bb6 Rd6 21. c5 Rd4 22. c6 Rxd1+ 23. Bxd1 bxc6 24. Bxa4 Nd5 25. Bf2 Nb4 26. Bb3 Kf7 27. Bc4 Bh6 28. Re1 Kf6 29. Bh4+ g5 30.
Bg3 Nc2 31. Re2 Nb4 32. Bxe5+ Kf7 33. Bxe6+ Kxe6 34. Bc3+ Kd5 35. Bxb4 e5 36. Bc3 Bg7 37.
Kf2 c5 38. b3 Ra8 39. Rd2+ Kc6 40. Ke3 h5 41. Ke4 Kb5 42. Kf5 Rf8+ 43. Kxg5 Rf7 44. Kg6 Re7 45. Kxh5 e4 46. Bxg7 e3 47. Re2 c4 48.
Bd4 cxb3 49. axb3 1-0

[Event "*** Titled Tuesday Blitz"]
[Site "Chess.com"]
[Date "2020.04.07"]
[Round "9"]
[White "Girkassa"]
[Black "Everyfishknows"]
[Result "1-0"]
[WhiteElo "2523"]
[BlackElo "2360"]
[TimeControl "180+1"]
[EndTime "14:47:34 PDT"]
[Termination "Girkassa won by resignation"]

1. d4 Nf6 2. c4 e6 3. Nf3 Bb4+ 4. Nc3 O-O 5. g3 Nc6 6. Bg2 d6 7. O-O Bxc3 8. bxc3 e5 9. Qc2 Rb8 10. Rd1 exd4 11.
cxd4 d5 12. cxd5 Nb4 13. Qb3 Nbxd5 14. Ne5 Be6 15. Qc2 c6 16. e4 Nb6 17. Bb2 Qe7 18.
Qe2 Rfd8 19. f4 Qb4 20. Rab1 Qa4 21. a3 Nc4 22. Nxc4 Bxc4 23. Qe3 Qb3 24. Bc3 Qxa3 25.
Ra1 Qb3 26. Rdb1 Qc2 27. Rb2 Qd3 28. Qe1 a6 29. Rd1 Ng4 30. Rxd3 Bxd3 31. h3 Nf6 32. d5 cxd5 33. Bxf6 gxf6 34. exd5 Re8 35. Qc3 Bb5 36. Qxf6 Re1+ 37. Kh2 Rbe8 38. d6 R1e2 39. Rxe2 Rxe2 40. Qd8+ Kg7 41. Kg1 Re1+ 42. Kf2 Re2+ 43. Kf3 Rd2 44.
Qg5+ Kf8 45. Qe7+ Kg7 46. Bh1 Bc6+ 47. Ke3 Rd1 48. Bxc6 bxc6 49. Ke2 Rd5 50. d7 1-0

[Event "*** Titled Tuesday Blitz"]
[Site "Chess.com"]
[Date "2020.04.07"]
[Round "9"]
[White "Lony7"]
[Black "iLuusions"]
[Result "0-1"]
[WhiteElo "2386"]
[BlackElo "2586"]
[TimeControl "180+1"]
[EndTime "14:47:35 PDT"]
[Termination "iLuusions won on time"]

1. e4 c5 2. Nf3 e6 3. d4 cxd4 4. Nxd4 a6 5. c4 Nf6 6. Nc3 Bb4 7. Qd3 Qc7 8. Be2 O-O 9. Nc2 Bxc3+ 10. bxc3 d6 11.
O-O Nbd7 12. Rd1 Nc5 13. Qxd6 Qxd6 14. Rxd6 Nfxe4 15. Rd4 Nxc3 16. Bf1 e5 17. Rh4 Be6 18. Ba3 Rac8 19. Re1 f6 20. f4 e4 21. Nd4 Bd7 22. Nb3 N3a4 23. Nxc5 Nxc5 24. Bxc5 Rxc5 25. Rxe4 Bc6 26.
Re7 Ra5 27. Rh3 Rxa2 28. Rc7 Re8 29. Rg3 g6 30. h4 Re1 31. Rxc6 bxc6 32. Rf3 Raa1 33.
f5 Kg7 34. fxg6 hxg6 35. g3 a5 36. Kg2 a4 37. Bd3 a3 38. Kh3 a2 39. Kg4 Rac1 40.
Bxg6 Kxg6 41. Ra3 a1=Q 0-1

[Event "*** Titled Tuesday Blitz"]
[Site "Chess.com"]
[Date "2020.04.07"]
[Round "9"]
[White "francyIM"]
[Black "poummba"]
[Result "1/2-1/2"]
[WhiteElo "2654"]
[BlackElo "2501"]
[TimeControl "180+1"]
[EndTime "14:47:36 PDT"]
[Termination "Game drawn by stalemate"]

1. d4 d5 2. c4 dxc4 3. Nf3 Nf6 4. e3 Bg4 5. Bxc4 e6 6. Nbd2 Nbd7 7. a3 Bd6 8. b4 a5 9. b5 O-O 10. Bb2 e5 11. dxe5 Nxe5 12. Be2 Nxf3+ 13. Bxf3 Bxf3 14. Qxf3 Nd7 15. Nc4 Nc5 16. Rd1 Qe8 17. b6 Na4 18.
bxc7 Bxc7 19. Bd4 b5 20. Nb2 Nxb2 21. Bxb2 Be5 22. Bc1 Bc3+ 23. Kf1 b4 24. axb4 axb4 25.
g4 b3 26. Kg2 b2 27. Bxb2 Bxb2 28. h4 Rc8 29. Rd2 Bc3 30. Rc2 Be5 31. Rxc8 Qxc8 32. Rd1 Rd8 33. Rb1 Qa8 34. Rb7 Rf8 35. Rxf7 Qxf3+ 36. Rxf3 Rxf3 37. Kxf3 Kf7 38. Ke4 Bc3 39. f4 Kf6 40. Kf3 Ke6 41. e4 Kd6 42. h5 Kc5 43. g5 Kd4 44. h6 gxh6 45. gxh6 Kc5 46. Kg4 Kd6 47. Kf5 Ke7 48. e5 Kf7 49. Kg5 Ke6 50.
Kg4 Bxe5 51. Kh3 Bxf4 52. Kg2 Bxh6 53. Kh1 Kf5 54. Kg1 Bf4 55. Kh1 Kg4 56. Kg1 Kf3 57.
Kh1 Bg3 58. Kg1 h5 59. Kh1 h4 60. Kg1 h3 61. Kh1 h2 1/2-1/2

[Event "*** Titled Tuesday Blitz"]
[Site "Chess.com"]
[Date "2020.04.07"]
[Round "9"]
[White "TheCavemanChesss"]
[Black "Alex_Terzi"]
[Result "0-1"]
[WhiteElo "2584"]
[BlackElo "2425"]
[TimeControl "180+1"]
[EndTime "14:47:36 PDT"]
[Termination "Alex_Terzi won by resignation"]

1. e4 c5 2. Nf3 Nc6 3. Bb5 g6 4.
O-O Bg7 5. Re1 Nf6 6. Nc3 O-O 7.
e5 Ne8 8. Bxc6 dxc6 9. d3 Nc7 10.
Be3 Ne6 11. Ne4 b6 12. Qd2 Re8 13. a4 Nd4 14. Nxd4 cxd4 15. Bf4 c5 16. a5 Bb7 17.
b4 Qd5 18. b5 Rad8 19. axb6 axb6 20. Ra7 f5 21. exf6 exf6 22. f3 Re7 23. Bh6 Rde8 24. Bxg7 Kxg7 25. c4 dxc3 26. Qxc3 Qd4+ 27. Qxd4 cxd4 28.
Rc1 Bxe4 29. Rxe7+ Rxe7 30. fxe4 Re5 31. Rc7+ Kh6 32.
Rc4 Rxb5 33. Rxd4 Rb2 34. Rd7 b5 35. h4 b4 36. Rf7 Rd2 37. Rxf6 Rxd3 38. Rb6 b3 39. Kf2 Rd2+ 40. Kf3 b2 41. g4 Kg7 42.
Rb7+ Kf6 43. Kf4 Ke6 44. Rb6+ Ke7 45. Ke5 Kd7 46. Kf6 Rd6+ 47. Rxd6+ Kxd6 48. e5+ Kd5 49. e6 b1=Q 50. e7 Qe4 51. Kf7 Qe6+ 52. Kf8 Qf6+ 53.
Ke8 Kd6 0-1

[Event "*** Titled Tuesday Blitz"]
[Site "Chess.com"]
[Date "2020.04.07"]
[Round "9"]
[White "mbachez"]
[Black "pastouche06"]
[Result "1-0"]
[WhiteElo "2390"]
[BlackElo "2468"]
[TimeControl "180+1"]
[EndTime "14:47:36 PDT"]
[Termination "mbachez won by resignation"]

1. e4 c6 2. d4 d5 3. e5 Bf5 4. Nf3 e6 5. Be2 Ne7 6. Nbd2 Ng6 7. Nb3 Nd7 8. Be3 f6 9. exf6 gxf6 10. O-O Bd6 11. Re1 Qc7 12. c4 O-O-O 13. Rc1 Rhg8 14. Kh1 Nf4 15. Bf1 dxc4 16. Rxc4 Nb6 17. Rc1 Nbd5 18. g3 Ng6 19. Bd2 h5 20. Ba5 b6 21. Bb5 Nge7 22.
Bd2 Bg4 23. Be2 Kb8 24. Nh4 e5 25. dxe5 Bxe5 26. Bxg4 hxg4 27. Qc2 c5 28. Kg1 Qb7 29. Rcd1 Nc6 30. Bc3 Bxc3 31. bxc3 Ne5 32. Qf5 Qg7 33. c4 Nb4 34. Qf4 Nc6 35. Rd5 Qg5 36. Red1 Rxd5 37. cxd5 Qxf4 38. gxf4 Nf3+ 39. Nxf3 gxf3+ 40. Kh1 Nb4 41. d6 Kc8 42. a3 Nc6 43. Rd3 Kd7 44. Rxf3 Kxd6 45. Nd2 Kd5 46. Rg3 Nd4 47. Rxg8 1-0

[Event "*** Titled Tuesday Blitz"]
[Site "Chess.com"]
[Date "2020.04.07"]
[Round "9"]
[White "AsselLesbekova"]
[Black "Frogo47"]
[Result "1-0"]
[WhiteElo "2329"]
[BlackElo "2469"]
[TimeControl "180+1"]
[EndTime "14:47:37 PDT"]
[Termination "AsselLesbekova won by resignation"]

1. e4 c5 2. Nf3 d6 3. Bb5+ Nd7 4. Bxd7+ Bxd7 5. O-O Nf6 6. Qe2 e5 7. b3 Be7 8. Bb2 O-O 9. c3 Bc6 10. d3 Re8 11. Nbd2 b5 12. d4 exd4 13. cxd4 Bf8 14. dxc5 Nxe4 15. Nxe4 Rxe4 16. Qc2 dxc5 17. Rad1 Qc8 18.
Ne5 Qe6 19. Nxc6 Qxc6 20. Rfe1 Rae8 21. Rxe4 Qxe4 22. Qxe4 Rxe4 23. Kf1 f6 24. Rd8 Kf7 25. Rb8 b4 26. Ra8 Re7 27. f3 Rd7 28. Ke2 h5 29.
Bc1 Bd6 30. Be3 f5 31. g3 Rc7 32. Kd3 h4 33. Bf2 hxg3 34. hxg3 Be7 35. Kc4 Rd7 36. Rc8 Rd2 37. Bxc5 Rxa2 38. Kxb4 Rc2 39. Kb5 g5 40. b4 Bxc5 41. Rxc5 Rb2 42. Rxf5+ Kg6 43. g4 Ra2 44. Rd5 Kf6 45. Rd7 Ke5 46. Rf7 a6+ 47. Kb6 Ra3 48. Rf5+ Kd4 49. Rxg5 Rxf3 50. Kxa6 Kc4 51. b5 Ra3+ 52. Kb7 Rh3 53. b6 1-0

[Event "*** Titled Tuesday Blitz"]
[Site "Chess.com"]
[Date "2020.04.07"]
[Round "9"]
[White "dmvlad"]
[Black "Funkmaus"]
[Result "0-1"]
[WhiteElo "2282"]
[BlackElo "2199"]
[TimeControl "180+1"]
[EndTime "14:47:37 PDT"]
[Termination "Funkmaus won on time"]

1. e4 c6 2. d4 d5 3. Nc3 dxe4 4. Nxe4 Nf6 5. Nxf6+ exf6 6. Be3 Bd6 7. h3 Bf5 8.
Bd3 Bg6 9. Bxg6 hxg6 10. Nf3 Nd7 11. Qd3 f5 12. Qb3 Qc7 13. Ng5 Nf6 14. O-O-O f4 15.
Bd2 O-O 16. Rhe1 Rfe8 17. c4 c5 18. d5 a6 19. a4 b5 20. Rxe8+ Rxe8 21. axb5 axb5 22.
Qxb5 Rb8 23. Qc6 Qe7 24. Re1 Qf8 25. Bc3 Rc8 26. Qa4 Ra8 27. Qc2 Nh5 28. Ne4 Be7 29. f3 f5 30. Nf2 Bf6 31. Kd2 Re8 32. Qd3 Re3 33. Rxe3 fxe3+ 34. Qxe3 Qd8 35. Nd3 Bg5 36. f4 Bh6 37. g3 g5 38. Qe6+ Kh7 39. Qxf5+ g6 40.
Qf7+ Ng7 41. Ne5 Qd6 0-1

[Event "*** Titled Tuesday Blitz"]
[Site "Chess.com"]
[Date "2020.04.07"]
[Round "9"]
[White "IMRosen"]
[Black "Ceejay271"]
[Result "1-0"]
[WhiteElo "2473"]
[BlackElo "2321"]
[TimeControl "180+1"]
[EndTime "14:47:38 PDT"]
[Termination "IMRosen won by checkmate"]

1. d4 Nf6 2. Bf4 d5 3. e3 e6 4. Nd2 Bd6 5. Bg3 O-O 6. Ngf3 c5 7. c3 b6 8. Ne5 Bb7 9. Bd3 Nc6 10. Qb1 h6 11. f4 cxd4 12. exd4 Nd7 13. O-O f5 14.
Ndf3 Nf6 15. Bh4 Qc7 16. Ng6 Rfe8 17. Bxf6 gxf6 18. Nfh4 Ne7 19. Nxe7+ Rxe7 20. Qc1 Rg7 21. Qe3 Qf7 22. g3 Re8 23. Rae1 Bc8 24. Nxf5 Qc7 25.
Nxg7 Kxg7 26. Qf3 f5 27. Re2 Rf8 28. Rfe1 Rf6 29. Qh5 Bd7 30. Qh4 Rg6 31. Qh3 Bxf4 32. Rg2 Bd6 33. Qh5 Rg5 34. Qf3 Qd8 35. Qe3 Qf6 36.
Rf1 Qg6 37. Bc2 h5 38. Rff2 Rg4 39. a4 a5 40. Qf3 Be7 41. Qe2 Bd6 42. Qa6 h4 43.
gxh4 Qh5 44. Qe2 Qxh4 45. Rxg4+ fxg4 46. Rg2 g3 47. Qf3 Kh6 48. hxg3 Qg5 49. Rh2+ Kg7 50. Rh7+ Kg8 51. Qf7# 1-0

[Event "*** Titled Tuesday Blitz"]
[Site "Chess.com"]
[Date "2020.04.07"]
[Round "9"]
[White "serhanberat_ozdemir"]
[Black "Kavyev_Ruslan"]
[Result "1-0"]
[WhiteElo "2497"]
[BlackElo "2608"]
[TimeControl "180+1"]
[EndTime "14:47:39 PDT"]
[Termination "serhanberat_ozdemir won by resignation"]

1. e4 c5 2. Nf3 d6 3. d4 cxd4 4. Nxd4 Nf6 5. Nc3 a6 6. f3 e5 7. Nb3 Be6 8. Be3 Nbd7 9. Qd2 h5 10. Be2 Be7 11. Nd5 Nxd5 12. exd5 Bf5 13. Na5 Qc7 14. c4 O-O 15. O-O b6 16. Nc6 Nb8 17. Nxe7+ Qxe7 18. Bxb6 Nd7 19. Be3 Rfc8 20. b4 a5 21. a3 Rab8 22.
Rac1 h4 23. Rfd1 Nf6 24. c5 e4 25. f4 h3 26. c6 hxg2 27. b5 Ng4 28. Bxg4 Bxg4 29. b6 g5 30. Re1 gxf4 31. Bxf4 Rxb6 32. Qxg2 Qh4 33. Rxe4 Kh7 34. Be3 Rg8 35. Bxb6 Qh6 36. Rf1 Bf5 37. Qxg8+ Kxg8 38. Re3 Kh7 39. Ref3 Be4 40.
Rg3 Bxd5 41. c7 Qe6 42. Rxf7+ Kh6 43. Be3+ Kh5 44. Rh7+ 1-0

[Event "*** Titled Tuesday Blitz"]
[Site "Chess.com"]
[Date "2020.04.07"]
[Round "9"]
[White "Firegrizzly"]
[Black "Nancy11111"]
[Result "0-1"]
[WhiteElo "2598"]
[BlackElo "2416"]
[TimeControl "180+1"]
[EndTime "14:47:39 PDT"]
[Termination "Nancy11111 won on time"]

1. e4 c5 2. Nf3 d6 3. Bb5+ Bd7 4. c4 g6 5. Nc3 Bg7 6. d4 cxd4 7. Nxd4 Nf6 8. O-O a6 9. Bxd7+ Nbxd7 10. Be3 O-O 11. b3 Qa5 12. Rc1 Rac8 13. a4 e6 14. Nde2 Ng4 15. Bd2 Nc5 16. f3 Ne5 17. b4 Qxb4 18. Nd5 Qxa4 19. Ne7+ Kh8 20. Nxc8 Rxc8 21. Bc3 Qc6 22.
Nd4 Qc7 23. Qe2 Na4 24. Ba1 Nxc4 25. f4 b5 26. Kh1 Nc5 27. f5 e5 28. f6 Bh6 29. Nf3 Bxc1 30. Rxc1 Qc6 31. Ng5 Kg8 32. Qg4 h6 33. Nh3 Nxe4 34. Qh4 h5 35. Re1 d5 36. Rf1 Ne3 37. Bxe5 Nxf1 38. g4 d4 39. Kg1 Qc1 40.
gxh5 Ne3+ 0-1

[Event "*** Titled Tuesday Blitz"]
[Site "Chess.com"]
[Date "2020.04.07"]
[Round "9"]
[White "sorrm8thatscheckm8"]
[Black "Faqade"]
[Result "0-1"]
[WhiteElo "2447"]
[BlackElo "2608"]
[TimeControl "180+1"]
[EndTime "14:47:39 PDT"]
[Termination "Faqade won by checkmate"]

1. d4 Nf6 2. c4 g6 3. Nf3 Bg7 4. Nc3 O-O 5. g3 d5 6. Bg2 dxc4 7. Qa4 a6 8. Qxc4 b5 9. Qb3 Bb7 10. O-O c5 11. dxc5 Nbd7 12. Rd1 Qc8 13. c6 Bxc6 14.
Be3 Qb7 15. a4 b4 16. Na2 a5 17. Ne1 Rac8 18. Bxc6 Rxc6 19. Nc3 Nc5 20. Bxc5 Rxc5 21. Nb5 Rfc8 22. Nd3 Rd5 23. Nf4 Rdc5 24. Nd3 Rc2 25. Nd4 R2c4 26. Nf3 Ne4 27. Rac1 Rxc1 28. Rxc1 Rxc1+ 29.
Nxc1 Qc6 30. Nd3 e6 31. h4 h6 32. Qd1 Bf6 33. h5 g5 34. Nde5 Qc5 35. Nd3 Qd5 36.
Qc2 Kg7 37. Kg2 g4 38. Nf4 b3 39. Qc8 gxf3+ 40. exf3 Qc5 41. Qd7 Qxf2+ 42. Kh1 Nxg3# 0-1

[Event "*** Titled Tuesday Blitz"]
[Site "Chess.com"]
[Date "2020.04.07"]
[Round "9"]
[White "ajian"]
[Black "levallem"]
[Result "1-0"]
[WhiteElo "2405"]
[BlackElo "2122"]
[TimeControl "180+1"]
[EndTime "14:47:39 PDT"]
[Termination "ajian won by checkmate"]

1. d4 Nf6 2. c4 e6 3. Nc3 b6 4. e4 Bb7 5. Bd3 Bb4 6. Qc2 Bxc3+ 7. bxc3 d5 8. cxd5 exd5 9. e5 Nfd7 10. Nf3 Ba6 11.
Bxh7 Nf8 12. Bd3 Bxd3 13. Qxd3 Ne6 14. O-O Nd7 15. a4 Qe7 16. a5 O-O 17. Ba3 c5 18.
dxc5 Ndxc5 19. Qxd5 Rad8 20. Qc4 Rc8 21. Qg4 bxa5 22.
Nd4 Qg5 23. Qxg5 Nxg5 24. Nf5 Rc7 25. Rfd1 Re8 26. Rd5 Nge6 27. Bxc5 Nxc5 28. Rxa5 Nb3 29. Ra3 Rxc3 30. g3 a5 31. Rdxa5 Rc1+ 32. Kg2 Nxa5 33. Rxa5 Re1 34. f4 Re2+ 35. Kh3 g6 36. Nd6 Rb8 37. Ra7 Rbb2 38. Rxf7 Rxh2+ 39. Kg4 Rbd2 40. Ra7 Rd3 41. Ne4 Rg2 42. e6 Re3 43. Nf6+ Kf8 44. Rf7# 1-0

[Event "*** Titled Tuesday Blitz"]
[Site "Chess.com"]
[Date "2020.04.07"]
[Round "9"]
[White "canary2016"]
[Black "tomozupan"]
[Result "0-1"]
[WhiteElo "1839"]
[BlackElo "2248"]
[TimeControl "180+1"]
[EndTime "14:47:40 PDT"]
[Termination "tomozupan won by resignation"]

1. Nf3 Nf6 2. g3 g6 3. Bg2 Bg7 4. O-O O-O 5. d4 d5 6. c4 Nc6 7. cxd5 Nxd5 8. e4 Nb6 9. Be3 Nc4 10. Qc1 Nxe3 11. fxe3 Bg4 12. Nc3 Qd7 13. Qd2 Rad8 14. Rac1 Bh3 15. Qf2 h5 16. Ng5 Bxg2 17. Kxg2 f6 18. Nf3 e5 19. d5 Nb4 20. Qd2 Na6 21. Ne2 c6 22. Nc3 Nc7 23. Rfd1 Kh8 24. Qc2 cxd5 25. Nxd5 Nxd5 26. Rxd5 Qe7 27. Rcd1 Rc8 28. Qb3 Rf7 29. Qa4 a6 30. Rd7 Qf8 31. Qa5 Rc2+ 32. Kg1 Rxd7 33. Rxd7 Kh7 34. Rd8 Qe7 35. Rd2 Rc1+ 36.
Kg2 Qe6 37. Qd8 Qc4 38. Qd3 Qxa2 39. Qd8 Qc4 40. Qd3 Qxd3 41. Rxd3 Rc2+ 42. Rd2 Rxd2+ 43. Nxd2 Bf8 44. Nc4 Bc5 45. Kf2 Kg7 46. Ke2 Kf7 47.
Kd3 Ke6 48. Nd2 b5 49. Nb3 Kd6 50. h3 Kc6 51. Nd2 a5 52. b3 a4 53. bxa4 bxa4 54. Nf1 Kb5 55. Kc3 Bb4+ 56. Kb2 Be1 57. g4 hxg4 58.
hxg4 Kc4 59. Ng3 Bxg3 0-1

[Event "*** Titled Tuesday Blitz"]
[Site "Chess.com"]
[Date "2020.04.07"]
[Round "9"]
[White "Viuvanegra"]
[Black "cukin84"]
[Result "0-1"]
[WhiteElo "1957"]
[BlackElo "2107"]
[TimeControl "180+1"]
[EndTime "14:47:40 PDT"]
[Termination "cukin84 won on time"]

1. d4 f5 2. e4 fxe4 3. Nc3 Nf6 4.
Bg5 g6 5. Bxf6 exf6 6. Nxe4 Bg7 7. c3 d5 8. Ng3 O-O 9. Be2 c6 10. Nf3 Re8 11. Qd2 Nd7 12. O-O-O b5 13. h4 Nf8 14. h5 a5 15. hxg6 hxg6 16. Bd3 Qd6 17. Nh4 f5 18.
Nf3 b4 19. c4 dxc4 20. Bxc4+ Be6 21. Bxe6+ Nxe6 22. Ne5 Nxd4 23. Qxd4 Qxd4 24. Rxd4 Bxe5 25. Rc4 Rac8 26. f4 Bf6 27. Rd1 Re3 28. Nf1 Re2 29.
Rd2 Re1+ 30. Rd1 Re2 31. Rd2 Re1+ 32. Rd1 Re4 33. Rc5 a4 34. g3 a3 35. b3 Re2 36.
Rd2 Re4 37. Kc2 Bc3 38. Rh2 Re1 39. Nd2 Ra1 40. Rh6 Kg7 41. Rh2 Rxa2+ 42. Kc1 Bxd2+ 43. Rxd2 Rxd2 44. Kxd2 Ra8 45. Rc1 a2 46. Ra1 Kf6 47. Kd3 Ke6 48. Kc4 Kd6 49. Kxb4 Kd5 50. Kc3 c5 51. Rd1+ Ke4 52. Ra1 Kf3 53. Kc4 Ra5 54. Kd5 Kxg3 55. Ke6 Kxf4 56. Kf6 Ke4 0-1

[Event "*** Titled Tuesday Blitz"]
[Site "Chess.com"]
[Date "2020.04.07"]
[Round "9"]
[White "THORK"]
[Black "DryCounty"]
[Result "0-1"]
[WhiteElo "2367"]
[BlackElo "2605"]
[TimeControl "180+1"]
[EndTime "14:47:41 PDT"]
[Termination "DryCounty won on time"]

1. d4 Nf6 2. Nd2 c5 3. dxc5 e6 4. Nb3 Na6 5. e3 Nxc5 6. Nxc5 Bxc5 7. Nf3 O-O 8. a3 d5 9. c4 dxc4 10. Qxd8 Rxd8 11. Bxc4 b6 12. b4 Be7 13. Bb2 Bb7 14.
O-O Rac8 15. Rac1 a5 16. bxa5 bxa5 17. a4 Nd5 18. Rfd1 Bb4 19. Bb5 h6 20. h3 Rxc1 21. Rxc1 Rc8 22. Rxc8+ Bxc8 23. Kf1 Nc3 24. Bc6 Ba6+ 25.
Kg1 Bc4 26. Nd4 Nd1 27. Ba1 Be1 28. Bb5 Bxf2+ 29. Kh2 Nxe3 30. Bxc4 Nxc4 31. Nc6 Be1 32. Bd4 f6 33. g4 e5 34. Bc5 Kf7 35. Kg2 Ke6 36. Bf8 g5 37. Bxh6 Nb2 38. Bf8 Nxa4 39. Kf1 Bc3 40. Ke2 Nb2 41. Na7 a4 42. Nb5 Bd4 43. Kd2 Kd5 44. Kc2 Nc4 45. Kd3 e4+ 46. Ke2 Be5 47. Bb4 Kc6 0-1